 Dungeon Crawl Stone Soup version 0.31-a0-1002-g8e65716e6e (webtiles) character file.

Game seed: 2647577239939156272

11 Jannitor the Sneak (level 2, 0/25 HPs)
             Began as a Barachi Delver on Nov 9, 2023.
             Succumbed to an adder's poison
             ... on level 4 of the Dungeon.
             The game lasted 00:01:20 (122 turns).

Jannitor the Sneak (Barachi Delver)                  Turns: 122, Time: 00:01:21

Health: 0/25       AC:  3    Str: 13    XL:     2   Next: 25%
Magic:  2/2        EV: 12    Int: 10    God:
Gold:   27         SH:  0    Dex: 13    Spells: 1/1 levels left

rFire   . . .        a - +0 falchion
rCold   . . .        (no shield)
rNeg    . . .        b - +0 leather armour
rPois   .            (no helmet)
rElec   .            (no cloak)
rCorr   .            (no gloves)
SInv    .            (no boots)
Will    .....        (no amulet)
Stlth   ++           (no ring)
HPRegen 0.24/turn    (no ring)
MPRegen 0.08/turn

%: no passive effects
@: lethally poisoned (0 -> -1), unable to hop, slow
A: amphibious, slowness 1, strong legs 1, +LOS
a: Hop


You were on level 4 of the Dungeon.
You visited 1 branch of the dungeon, and saw 3 of its levels.

You collected 27 gold pieces.

Inventory:

Hand Weapons
 a - a +0 falchion (weapon)
 h - a +0 quarterstaff
Armour
 b - a +0 leather armour (worn)
Wands
 g - a wand of digging (3)
Scrolls
 c - a scroll of fog
 d - a scroll of revelation
 i - a scroll of blinking


   Skills:
 + Level 3.8 Fighting
 + Level 2.7 Long Blades
 + Level 2.4 Dodging
 + Level 4.6 Stealth


You had one spell level left.
You didn't know any spells.
Your spell library was empty.

Dungeon Overview and Level Annotations

Branches:
Dungeon (6/15)
 Temple: D:4-7

Altars:

Shops:
D:4 (


Innate Abilities, Weirdness & Mutations

You are amphibious.
You cover ground slowly.
You can hop short distances.
You have an extended range of vision and can be seen from far away.


Message History

Found 3 stones, a twisted ruby ring and a scale mail.
Found Munun's Weapon Shoppe.
Found a stone staircase leading up.
There is a stone staircase leading down here.
Unknown command.
You see here 3 stones.
You closely miss the adder. The adder bites you.
You barely miss the adder. The adder barely misses you. The adder bites you.
Okay, then.
Unknown command.
You aren't carrying any potions.
Unknown command.
Unknown command.
Okay, then.
Unknown command.
Unknown command.
You hit the adder.
The adder is heavily wounded.
The adder completely misses you. The adder bites you but does no damage.
You hit the adder.
The adder is almost dead.
The adder bites you.
* * * LOW HITPOINT WARNING * * *
You are lethally poisoned!
The adder poisons you!
You hit the adder.
You kill the adder!
* * * LOW HITPOINT WARNING * * *
You feel sick.
You have reached level 2!
There is a lethal amount of poison in your body!
* * * LOW HITPOINT WARNING * * *
You feel sick.
* * * LOW HITPOINT WARNING * * *
You feel sick.
Hop to where?
Press: ? - help, Dir - move target Boing!
* * * LOW HITPOINT WARNING * * *
You feel sick.
You die...

## #. ##. #.#
#..###.#
#...##.##
#@##..##
#..#...###
##........
##...###
#.°## # #.##
.# #.# #.##
#†# #...##
##.####.....#


There were no monsters in sight!

Vanquished Creatures
  An adder (D:4)
  An orc (D:5)
2 creatures vanquished.

Notes
Turn   | Place    | Note
-------+----------+-------------------------------------------
     0 | D:5      | Jannitor the Barachi Delver began the quest for the Orb.
     0 | D:5      | Reached XP level 1. HP: 18/18 MP: 1/1
    22 | D:5      | Noticed a phantom
    60 | D:5      | Noticed an iguana
   104 | D:5      | Noticed an iguana
   106 | D:4      | Found Munun's Weapon Shoppe.
   119 | D:4      | Reached XP level 2. HP: 4/25 MP: 2/2
   122 | D:4      | Succumbed to an adder's poison

Illustrated notes

Levels and vault maps discovered:
D:4:      cheibrodos_barr_body, layout_rooms, amethyst_overflow_temple_binary,
          minmay_temple_entry_antechambers, serial_shops, shop, serial_rivers,
          chequers_serial_rivers_micro_a, chequers_serial_rivers_room_a,
          chequers_serial_rivers_micro_a, chequers_serial_rivers_room_b,
          chequers_serial_rivers_micro_b, guppyfry_early_lair_pool
D:5:      layout_loops_ring, fedhas_altar_2
D:6:      layout_loops_ring, lightli_ossuary_entry_decrepit_ruins, uniq_sigmund

Action                     || total
---------------------------++-------
  Melee: Falchion          ||    10
Ability: Hop               ||     1
    Use: Scroll            ||     2
         Potion            ||     1
 Armour: Leather armour    ||     6
  Dodge: Dodged            ||     6

Table legend: (Time is in decaauts)
 A = Elapsed time spent in this place.
 B = Non-inter-level travel time spent in this place.
 C = Inter-level travel time spent in this place.
 D = Time resting spent in this place.
 E = Time spent auto-exploring this place.
 F = Levels seen in this place.
 G = Mean time per level.
                   A        B        C        D        E       F      G
               +--------+--------+--------+--------+--------+-----+--------+
         Total |    128 |    128 |      0 |      5 |     15 |   3 |   42.7 |
       Dungeon |    128 |    128 |      0 |      5 |     15 |   3 |   42.7 |
               +--------+--------+--------+--------+--------+-----+--------+

Top non-repeatable levels by time:
     D:5: 100 daAuts
     D:4: 18 daAuts
     D:6: 9 daAuts
